 Dungeon Crawl Stone Soup version 0.31-a0-188-g5e087ee2ca (webtiles) character file.

Game seed: 16127581141522038798

643 qw the Skirmisher (level 7, -1/40 HPs)
             Began as a Deep Elf Hunter on June 22, 2023.
             Slain by a gnoll
             ... wielding a +0 flail
             ... led by a gnoll bouda
              (4 damage)
             ... on level 4 of the Dungeon.
             The game lasted 00:01:07 (3600 turns).

qw the Skirmisher (Deep Elf Hunter)                 Turns: 3600, Time: 00:01:07

Health: -1/40      AC:  6    Str: 10    XL:     7   Next: 26%
Magic:  9/9        EV: 12    Int: 14    God:
Gold:   167        SH:  0    Dex: 18    Spells: 6/6 levels left

rFire   . . .        Y - +4 shortbow
rCold   . . .        (shield currently unavailable)
rNeg    . . .        b - +1 ring mail {rPois}
rPois   +            (no helmet)
rElec   .            (no cloak)
rCorr   .            (no gloves)
SInv    .            (no boots)
Will    .....        (no amulet)
Stlth   +            (no ring)
HPRegen 0.26/turn    (no ring)
MPRegen 0.11/turn

%: no passive effects
@: no status effects
A: no striking features
a: no special abilities


You were on level 4 of the Dungeon.
You visited 1 branch of the dungeon, and saw 4 of its levels.

You collected 167 gold pieces.


   Skills:
 - Level 2.0 Fighting
 + Level 10.9 Ranged Weapons
 - Level 3.9 Dodging
 - Level 1.2 Stealth


You had 6 spell levels left.
You didn't know any spells.
Your spell library was empty.

Inventory:

Hand Weapons
 Y - a +4 shortbow (weapon)
Armour
 b - a +1 ring mail of poison resistance (worn)
Jewellery
 g - a ring of magical power
Scrolls
 c - a scroll of fog {unknown}
 e - 4 scrolls of identify
Potions
 a - a potion of haste
 d - a potion of resistance
 f - 2 potions of heal wounds {unknown}
 h - a potion of cancellation
 i - a potion of attraction {unknown}
 j - a potion of ambrosia {unknown}
 k - a potion of lignification {unknown}
 l - a potion of brilliance {unknown}

Dungeon Overview and Level Annotations

Branches:
Dungeon (4/15)
 Temple: D:4-7

Altars:


Message History

The gnoll bouda hits you with a +0 club!
You shoot an arrow. The arrow hits the gnoll bouda.
The gnoll bouda is severely wounded.
The gnoll bouda barely misses you.
You shoot an arrow.
The arrow hits the gnoll bouda but does no damage.
The gnoll bouda is severely wounded.
The gnoll bouda mumbles some strange prayers to its god.
The gnoll bouda is healed somewhat.
You shoot an arrow. The arrow hits the gnoll bouda!
The gnoll bouda is almost dead.
The gnoll hits you with a +0 flail.
The gnoll bouda utters an invocation to its god.
The gnoll bouda is healed somewhat.
You shoot an arrow.
The arrow barely misses the gnoll bouda.
The gnoll hits you with a +0 flail! The gnoll bouda barely misses you.
You shoot an arrow. The arrow hits the gnoll bouda.
The gnoll bouda is severely wounded.
The gnoll closely misses you. The gnoll bouda barely misses you.
You shoot an arrow.
The arrow barely misses the gnoll bouda.
The gnoll is no longer moving quickly.
The gnoll hits you with a +0 flail.
The gnoll bouda barks out a call to the hunt!
The gnoll picks up the pace!
You shoot an arrow. The arrow hits the gnoll bouda!
You kill the gnoll bouda!
Your attacks no longer feel as feeble.
The gnoll hits you with a +0 flail.
You shoot an arrow. The arrow hits the gnoll.
The gnoll is moderately wounded.
The gnoll is no longer moving quickly.
The gnoll closely misses you.
You shoot an arrow. The arrow hits the gnoll!
You kill the gnoll!
You shoot an arrow. The arrow barely misses the gnoll.
The gnoll barely misses you.
You shoot an arrow. The arrow hits the gnoll.
The gnoll is moderately wounded.
The gnoll hits you with a +0 flail.
You die...

#.#.##.....##
#.#.##.....#
#######.#.##.....#
........#........#
#######.#####....#
#...............#
#.####.####..##.# #.#
##.####..##.# #.#
#.........#@#
##.###.........#)g.....#
...............#########
##.#########..##
##.#..........#
>..#..........#
####..........#
..............#
####..........#


You could see a gnoll.

Vanquished Creatures
  Sigmund (D:4)
  A black bear (D:4)
  A kobold brigand (D:4)
  A hound (D:3)
  2 gnoll boudas (D:4)
  2 jellies (D:4)
  6 gnolls
  5 adders
  2 worms
  2 dart slugs
  2 orcs (D:4)
  8 endoplasms
  2 giant cockroaches
  5 goblins
  6 hobgoblins
  3 ball pythons
  9 bats
  3 frilled lizards
  9 kobolds
  5 rats
75 creatures vanquished.

Notes
Turn   | Place    | Note
-------+----------+-------------------------------------------
     0 | D:1      | qw the Deep Elf Hunter began the quest for the Orb.
     0 | D:1      | Reached XP level 1. HP: 12/12 MP: 3/3
     0 | D:1      | 0 ||| qw: Version: 0.3-a-9-g12657ce
     0 | D:1      | 0 ||| qw: Game counter: 2861
     0 | D:1      | 0 ||| qw: Always use a shield: true
     0 | D:1      | 0 ||| qw: God list: Okawaru
     0 | D:1      | 0 ||| qw: Allow faded altars: false
     0 | D:1      | 0 ||| qw: Do Orc after D:15 true
     0 | D:1      | 0 ||| qw: Do second Lair branch before Depths: true
     0 | D:1      | 0 ||| qw: Lair rune preference: random
     0 | D:1      | 0 ||| qw: Plans: Normal
     0 | D:1      | 0 ||| PLANNING D:1-11
   104 | D:1      | 104 ||| DROPPING scroll of butterflies.
   165 | D:1      | Reached XP level 2. HP: 16/16 MP: 4/4
   190 | D:1      | Reached skill level 6 in Ranged Weapons
   402 | D:1      | Reached XP level 3. HP: 7/20 MP: 5/5
   766 | D:1      | 766 ||| UPGRADING to +0 ring mail.
   776 | D:1      | 776 ||| DROPPING +0 leather armour.
   777 | D:1      | 777 ||| READING scroll labelled ACOG LOMOBRORA.
   778 | D:1      | 778 ||| READING 3 scrolls labelled YCUILIAKHLY.
   779 | D:1      | 779 ||| READING 3 scrolls labelled RUKKEOV VAODIU.
   780 | D:1      | 780 ||| READING 2 scrolls labelled NIROLE EKLEGOIMIWK.
   781 | D:1      | 781 ||| READING 4 scrolls labelled DODGHA INACRE.
   782 | D:1      | 782 ||| READING 3 scrolls of enchant weapon.
   782 | D:1      | 782 ||| ENCHANTING +1 shortbow.
   783 | D:1      | 783 ||| READING 2 scrolls of enchant weapon.
   783 | D:1      | 783 ||| ENCHANTING +2 shortbow.
   784 | D:1      | 784 ||| READING scroll of enchant weapon.
   784 | D:1      | 784 ||| ENCHANTING +3 shortbow.
   785 | D:1      | 785 ||| READING 2 scrolls of identify.
   785 | D:1      | 785 ||| IDENTIFYING purple potion
   786 | D:1      | 786 ||| DROPPING 2 scrolls of fear.
   787 | D:1      | 787 ||| DROPPING scroll of noise.
  1776 | D:2      | 1776 ||| READING 3 scrolls labelled ABOTOCS TESSOC.
  1777 | D:2      | 1777 ||| READING 2 scrolls labelled SEXUPLE VARO.
  1815 | D:2      | 1815 ||| READING 3 scrolls of identify.
  1815 | D:2      | 1815 ||| IDENTIFYING fuming orange potion
  1816 | D:2      | 1816 ||| READING 2 scrolls of identify.
  1816 | D:2      | 1816 ||| IDENTIFYING fuming pink potion
  1817 | D:2      | 1817 ||| DROPPING 2 scrolls of immolation.
  1818 | D:2      | 1818 ||| DROPPING potion of invisibility.
  1819 | D:2      | 1819 ||| DROPPING scroll of torment.
  1868 | D:3      | Reached skill level 7 in Ranged Weapons
  2427 | D:3      | Reached XP level 4. HP: 25/25 MP: 6/6
  2599 | D:3      | Reached skill level 8 in Ranged Weapons
  2698 | D:3      | 2698 ||| UPGRADING to +1 ring mail of poison resistance.
  2708 | D:3      | 2708 ||| DROPPING +0 ring mail.
  2709 | D:3      | 2709 ||| READING scroll labelled HUL ALEKHLAYLOF.
  2710 | D:3      | 2710 ||| READING 2 scrolls of identify.
  2710 | D:3      | 2710 ||| IDENTIFYING puce potion
  2861 | D:4      | Noticed Sigmund
  2864 | D:4      | Killed Sigmund
  2865 | D:4      | Reached skill level 9 in Ranged Weapons
  2865 | D:4      | Reached XP level 5. HP: 29/29 MP: 7/7
  2865 | D:4      | Reached XP level 6. HP: 34/34 MP: 8/8
  3013 | D:4      | Reached skill level 10 in Ranged Weapons
  3103 | D:4      | Reached skill level 3 in Dodging
  3164 | D:4      | Reached XP level 7. HP: 33/40 MP: 9/9
  3232 | D:4      | 3232 ||| FLEEEEING.
  3233 | D:4      | 3233 ||| FLEEEEING.
  3234 | D:4      | 3234 ||| FLEEEEING.
  3235 | D:4      | 3235 ||| FLEEEEING.
  3236 | D:4      | 3236 ||| FLEEEEING.
  3237 | D:4      | 3237 ||| FLEEEEING.
  3238 | D:4      | 3238 ||| FLEEEEING.
  3239 | D:4      | 3239 ||| FLEEEEING.
  3240 | D:4      | 3240 ||| FLEEEEING.
  3241 | D:4      | 3241 ||| FLEEEEING.
  3593 | D:4      | HP: 10/40 [gnoll/+0 flail[a gnoll bouda] (7)]
  3596 | D:4      | HP: 2/40 [gnoll/+0 flail[a gnoll bouda] (5)]
  3600 | D:4      | Slain by a gnoll

Levels and vault maps discovered:
D:1:      heliophobic_arrival_glass_houses, layout_loops_ring, serial_glass,
          glass_columns_a, glass_columns_a, glass_columns_a, glass_columns_b,
          glass_columns_c, minmay_tetromino_i4
D:2:      layout_basic, dreamdust_ecumenical_altar_hidden_monk_grotto
D:3:      layout_basic
D:4:      layout_basic, uniq_sigmund

Skill      XL: |  1  2  3  4  5  6 |
---------------+-------------------+-----
Ranged Weapons | 6 7 9 10 | 10.9
Fighting       | 2 |  2.0
Dodging        | 3 |  3.9
Stealth        | |  1.2

Action                     |  1- 3 |  4- 6 |  7- 9 || total
---------------------------+-------+-------+-------++-------
   Fire: Shortbow          |   108 |    61 |    43 ||   212
    Use: Scroll            |    13 |     2 |       ||    15
 Armour: Leather armour    |     3 |       |       ||     3
         Ring mail         |     6 |     8 |     1 ||    15
  Dodge: Dodged            |    21 |    17 |    12 ||    50

Table legend:
 A = Non-vault XP
 B = Vault XP
 C = Vault XP percentage of total XP
 D = Non-vault monster count
 E = Vault monster count
 F = Vault count percentage of total count
                 A         B        C        D         E       F
            +---------+---------+-------+---------+---------+-------
      Total |     692 |     227 |  24.7 |      73 |       2 |   2.7
            +---------+---------+-------+---------+---------+-------
        D:1 |      42 |       1 |   2.3 |      18 |       1 |   5.3
        D:2 |      19 |       0 |   0.0 |      10 |       0 |   0.0
        D:3 |      98 |       0 |   0.0 |      19 |       0 |   0.0
        D:4 |     533 |     226 |  29.8 |      26 |       1 |   3.7
            +---------+---------+-------+---------+---------+-------
